 Dungeon Crawl Stone Soup version 0.31-a0-988-g08d55dae12 (webtiles) character file.

Game seed: 7525964893404883806

251 Azuregosa the Vexing (level 5, -9/23 HPs)
             Began as a Felid Enchanter on Nov 5, 2023.
             Was a Believer of Dithmenos.
             Mangled by an iguana (14 damage)
             ... on level 4 of the Dungeon.
             The game lasted 00:15:22 (3652 turns).

Azuregosa the Vexing (Felid Enchanter)              Turns: 3652, Time: 00:15:23

Health: -9/23      AC:  1    Str:  4    XL:     5   Next: 88%
Magic:  19/19      EV: 17    Int: 16    God:    Dithmenos [**....]
Gold:   294        SH:  0    Dex: 19    Spells: 1/9 levels left
                                        Lives:  0   Deaths: 2

rFire   . .          .
                       - Unarmed
rCold   . . .        (shield unavailable)
rNeg    . . .        (body armour unavailable)
rPois   .            (helmet unavailable)
rElec   .            (cloak unavailable)
rCorr   .            (gloves unavailable)
SInv    +            (boots unavailable)
Will    .....        (no amulet)
Stlth   +++          i - ring of magical power
HPRegen 0.23/turn    (no ring)
MPRegen 0.16/turn

%: no passive effects
@: wreathed by umbra, quick
A: very small, claws 1, fangs 3, see invisible, speed 1, shaggy fur 1, stealthy
paws, no weapons or thrown items, no armour, multi-lived
a: Renounce Religion, Shadow Step


You were on level 4 of the Dungeon.
You worshipped Dithmenos.
Dithmenos was pleased with you.
You visited 1 branch of the dungeon, and saw 4 of its levels.

You collected 294 gold pieces.

Inventory:

Jewellery
 i - a ring of magical power (left paw)
Scrolls
 b - 2 scrolls of immolation {unknown}
 e - 4 scrolls of teleportation {unknown}
 h - a scroll of torment {unknown}
 j - 2 scrolls of revelation {unknown}
 k - a scroll of enchant weapon {unknown}
 l - 5 scrolls of identify {unknown}
 m - 2 scrolls of vulnerability {unknown}
 n - 2 scrolls of noise {unknown}
 q - a scroll of enchant armour {unknown}
 r - a scroll of poison {unknown}
Potions
 a - 2 potions of invisibility
 c - a potion of attraction {unknown}
 d - a potion of curing
 f - 2 potions of enlightenment {unknown}
 g - a potion of brilliance {unknown}
 o - a potion of resistance {unknown}
 p - 2 potions of might {unknown}


   Skills:
 + Level 2.7 Fighting
 - Level 2.6 Dodging
 - Level 4.0 Stealth
 + Level 2.9 Unarmed Combat
 - Level 2.6 Spellcasting
 + Level 6.8 Hexes


You had one spell level left.
You knew the following spells:

 Your Spells              Type           Power      Damage    Failure   Level
a - Ensorcelled Hibernat  Hex/Ice        26%        N/A       7%          2
b - Tukima's Dance        Hex            24%        N/A       3%          3
c - Dazzling Flash        Conj/Hex       26%        N/A       14%         3

Your spell library contained the following spells:

 Spells                   Type           Power      Damage    Failure   Level
 Confusing Touch          Hex            24%        N/A       3%          3


Dungeon Overview and Level Annotations

Branches:
Dungeon (4/15)
 Temple: D:4-7

Altars:
Dithmenos
Xom

Shops:
D:2 [


Innate Abilities, Weirdness & Mutations

You have sharp claws.
You have razor-sharp teeth.
You have supernaturally acute eyesight. (SInv)
You cover ground quickly. (Speed+)
You are covered in fur. (AC +1)
Your paws help you pounce on unaware monsters.
You are incapable of wielding weapons or throwing items.
You cannot wear armour.
You gain extra lives every three experience levels.


Message History

You scratch the iguana but do no damage.
The iguana barely misses you.
You scratch the iguana but do no damage.
Your bite misses the iguana. The iguana barely misses you.
You completely miss the iguana. Your bite misses the iguana.
The iguana closely misses you.
You barely miss the iguana. The iguana misses you.
You scratch the iguana.
The iguana is moderately wounded.
The iguana barely misses you.
You scratch the iguana.
The iguana is heavily wounded.
The iguana closely misses you.
You scratch the iguana.
The iguana is severely wounded.
The iguana bites you.
You closely miss the iguana.
The iguana is severely wounded.
The iguana bites you.
You barely miss the iguana.
The iguana is severely wounded.
The iguana closely misses you.
You closely miss the iguana.
The iguana is severely wounded.
The iguana completely misses you.
You closely miss the iguana.
The iguana is severely wounded.
The iguana bites you!
You completely miss the iguana.
The iguana is severely wounded.
The iguana completely misses you.
You scratch the iguana but do no damage.
The iguana is severely wounded.
The iguana bites you.
* * * LOW HITPOINT WARNING * * *
You closely miss the iguana. You bite the iguana, but do no damage.
The iguana is severely wounded.
The iguana bites you!
Ouch! That really hurt!
You die...

#######............... #
#.(.............
#...[...#8###8## #######'####
# ########.........###
...................#
..............##...##
..............#8l..8#
..............##@..##
.#########....##...# .#
#....##...## .# #....#8...8#
.# #######...#### ### .#
######8###8##...##8###8### .#
#........................# .#
#.##..........⌠..........#
.###.##.....................#


You could see an iguana.

Vanquished Creatures
  A scorpion (D:4)
  A jelly (D:4)
  2 orc priests
  4 adders
  A worm (D:2)
  6 orcs
  6 ball pythons
  4 endoplasms (D:2)
  5 giant cockroaches
  3 goblins
  4 hobgoblins
  2 quokkas
  8 bats
  6 frilled lizards
  7 kobolds
  5 rats
65 creatures vanquished.

Vanquished Creatures (collateral kills)
  A kobold (D:3)
1 creature vanquished.

Grand Total: 66 creatures vanquished

Notes
Turn   | Place    | Note
-------+----------+-------------------------------------------
     0 | D:1      | Azuregosa the Felid Enchanter began the quest for the Orb.
     0 | D:1      | Reached XP level 1. HP: 7/7 MP: 4/4
   150 | D:1      | Reached XP level 2. HP: 11/11 MP: 6/6
   228 | D:1      | Reached skill level 5 in Hexes
   380 | D:1      | Learned a level 2 spell: Ensorcelled Hibernation
   963 | D:2      | Found a faded altar of an unknown god.
   965 | D:2      | Reached XP level 3. HP: 14/14 MP: 8/8
   976 | D:2      | Prayed at the altar of an unknown god.
   976 | D:2      | Became a worshipper of Dithmenos the Shadowed
   976 | D:2      | Reached * piety under Dithmenos
  1027 | D:2      | Learned a level 3 spell: Tukima's Dance
  1245 | D:2      | Found Heafeem's Antique Armour Shop.
  1612 | D:3      | Reached skill level 1 in Fighting
  1612 | D:3      | Reached XP level 4. HP: 19/19 MP: 9/9
  1788 | D:3      | Learned a level 3 spell: Dazzling Flash
  2292 | D:3      | Reached skill level 6 in Hexes
  2789 | D:4      | Found a shimmering altar of Xom.
  2792 | D:4      | Reached ** piety under Dithmenos
  2918 | D:4      | Noticed a scorpion
  3149 | D:4      | Slain by an orc
  3174 | D:4      | Killed a scorpion
  3175 | D:4      | Reached XP level 5. HP: 1/22 MP: 10/10
  3393 | D:4      | Killed from afar by an orc priest
  3652 | D:4      | Mangled by an iguana

Illustrated notes

Levels and vault maps discovered:
D:1:      minmay_arrival_diagonal_passages, layout_loops_corners
D:2:      layout_rooms, serial_shops, shop_statue, basic_ecumenical_altar
D:3:      layout_loops_corners, nicolae_underground_beach
D:4:      layout_basic, nicolae_overflow_crystal_walls, serial_corexii_hall,
          corexii_hall_statues_x, corexii_hall_statues_i,
          corexii_hall_statues_u, chequers_hall_statues_corner_a,
          chequers_hall_statues_y, corexii_hall_statues_u,
          dreamdust_princess_bridge

Skill      XL: |  1  2  3  4 |
---------------+-------------+-----
Hexes          | 5 6 |  6.8
Fighting       | 1 2 |  2.7
Unarmed Combat | 2 |  2.9
Dodging        | |  2.6
Stealth        | |  4.0
Spellcasting   | |  2.6

Action                     |  1- 3 |  4- 6 || total
---------------------------+-------+-------++-------
  Melee: Unarmed           |    76 |   143 ||   219
         Bite              |     8 |     8 ||    16
         Punch             |     1 |     6 ||     7
   Cast: Ensorcelled Hiber |     3 |    11 ||    14
         Dazzling Flash    |       |     3 ||     3
         Tukima's Dance    |       |     1 ||     1
    Use: Potion            |       |     1 ||     1
   Stab: Sleeping          |    22 |     8 ||    30
         Distracted        |       |     1 ||     1
 Armour: Skin              |    13 |    43 ||    56
  Dodge: Dodged            |    41 |   135 ||   176

Table legend: (Time is in decaauts)
 A = Elapsed time spent in this place.
 B = Non-inter-level travel time spent in this place.
 C = Inter-level travel time spent in this place.
 D = Time resting spent in this place.
 E = Time spent auto-exploring this place.
 F = Levels seen in this place.
 G = Mean time per level.
                   A        B        C        D        E       F      G
               +--------+--------+--------+--------+--------+-----+--------+
         Total |   3058 |   2969 |     89 |    244 |   1964 |   4 |  764.5 |
       Dungeon |   3058 |   2969 |     89 |    244 |   1964 |   4 |  764.5 |
               +--------+--------+--------+--------+--------+-----+--------+

Top non-repeatable levels by time:
     D:3: 959 daAuts
     D:1: 834 daAuts
     D:4: 737 daAuts
     D:2: 527 daAuts
